 Dungeon Crawl Stone Soup version 0.31-a0-868-g674d60d6f7 (webtiles) character file.

Game seed: 10437011440014615524

670 freelancePsychic the Trooper (level 7, -5/45 HPs)
             Began as a Gargoyle Brigand on Oct 11, 2023.
             Was a Follower of Uskayaw.
             Splashed by a jelly's acid (10 damage)
             ... on level 4 of the Dungeon.
             The game lasted 00:04:45 (3070 turns).

freelancePsychic the Trooper (Gargoyle Brigand)     Turns: 3070, Time: 00:04:45

Health: -5/45      AC: -2    Str: 17    XL:     7   Next: 58%
Magic:  5/8        EV: 10    Int: 11    God:    Uskayaw [*.....]
Gold:   205        SH:  6    Dex: 11    Spells: 6/6 levels left

rFire   . . .        p - +2 dagger (speed)
rCold   . . .        q - +2 buckler
rNeg    + . .        t - +0 leather armour
rPois   ∞            (no helmet)
rElec   +            c - +0 cloak
rCorr   .            j - +0 pair of gloves
SInv    .            (no boots)
Will    .....        (no amulet)
Stlth   ++           i - +4 ring of slaying
HPRegen 0.27/turn    (no ring)
MPRegen 0.11/turn

%: no passive effects
@: corroded
A: sickness immunity, AC +4, negative energy resistance 1, electricity
resistance, torment resistance 1, petrification resistance
a: Renounce Religion, Stomp


You were on level 4 of the Dungeon.
You worshipped Uskayaw.
Uskayaw was noncommittal.
You visited 1 branch of the dungeon, and saw 4 of its levels.

You collected 205 gold pieces.

Inventory:

Hand Weapons
 a - a +2 dagger
 l - a +1 vampiric dagger
 p - a +2 dagger of speed (weapon)
Missiles
 d - 20 poisoned darts
 e - 3 curare-tipped darts (quivered)
Armour
 b - a +0 robe
 c - a +0 cloak (worn)
 j - a +0 pair of gloves (worn)
 q - a +2 buckler (worn)
 t - a +0 leather armour (worn)
 w - a +0 helmet
Magical Staves
 v - the staff "Conohupp" {rPois rF+ rC++ rCorr Poison}
   (You found it on level 3 of the Dungeon)

   [staff of poison]

   Base accuracy: +5 Base damage: 5 Base attack delay: 1.2 This weapon's minimum
   attack delay (0.6) is reached at skill level 12.
   rF+:       It protects you from fire.
   rC++:      It greatly protects you from cold.
   rPois:     It protects you from poison rCorr: It protects you from acid and
   corrosion.
   Poison:    It increases the power of your Poison spells.
   It falls into the 'Staves' category.
   It is a one-handed weapon.
Jewellery
 f - a ring of ice
 i - a +4 ring of slaying (left hand)
 k - a ring of ice
 y - a +6 ring of intelligence
Scrolls
 m - a scroll of amnesia {unknown}
 o - a scroll of immolation
 r - a scroll of poison {unknown}
 s - a scroll of revelation {unknown}
Potions
 g - 4 potions of curing {unknown}
 h - a potion of haste {unknown}
 n - a potion of berserk rage {unknown}
 u - a potion of might
 x - a potion of resistance {unknown}
 z - a potion of mutation {unknown}


   Skills:
 + Level 5.9 Fighting
 + Level 4.7 Short Blades
 - Level 1.8 Throwing
 - Level 0.8 Dodging
 - Level 5.0 Stealth
 + Level 2.4 Shields
 + Level 1.6 Invocations


You had 6 spell levels left.
You didn't know any spells.
Your spell library contained the following spells:

 Spells                   Type           Power      Damage    Failure   Level
 Ozocubu's Armour         Ice            0%         N/A       86%         3
 Cause Fear               Hex            0%         N/A       99%         4
 Fireball                 Conj/Fire      0%         3d3       100%        5
 Ozocubu's Refrigeration  Ice            0%         4d7       100%        7
 Dragon's Call            Summ           0%         N/A       100%        9


Dungeon Overview and Level Annotations

Branches:
Dungeon (4/15)
 Temple: D:4-7

Altars:
Uskayaw

Shops:
D:4 !


Innate Abilities, Weirdness & Mutations

You are immune to sickness and miasma.
Your stone body is resilient. (AC +4)
You are immune to poison.
You resist negative energy. (rN+)
You are resistant to electric shocks. (rElec)
You are resistant to unholy torment.
You are immune to petrification.


Message History

No target in view!
Things that are here:
a jackal corpse; a jackal corpse; a jackal corpse
g - 4 green potions (gained 1)
A jelly comes into view.
The jelly quivers.
Found 13 gold pieces.
You hit the jelly. The acid corrodes you!
Your hands burn!
The jelly is lightly wounded.
You block the jelly's attack.
You hit the jelly.
Your hands burn!
The jelly is lightly wounded.
You hit the jelly. The acid corrodes you!
Your hands burn!
The jelly is moderately wounded.
You block the jelly's attack.
You hit the jelly.
Your hands burn!
The jelly is heavily wounded.
The jelly completely misses you.
You can now pass through a line of other dancers.
You hit the jelly.
Your hands burn!
The jelly is heavily wounded.
You hit the jelly but do no damage.
Your hands burn!
The jelly is heavily wounded.
The jelly hits you but does no damage.
You hit the jelly but do no damage.
Your hands burn!
The jelly is heavily wounded.
You hit the jelly.
Your hands burn!
The jelly is severely wounded.
The jelly barely misses you.
You hit the jelly but do no damage. The acid corrodes you!
Your hands burn!
The jelly is severely wounded.
The jelly hits you. The acid corrodes you!
You are splashed with acid!
* * * LOW HITPOINT WARNING * * *
You stomp with the beat, sending a shockwave through the revellers around you!
The jelly is almost dead.
You can no longer pass through a line of other dancers.
The jelly hits you.
* * * LOW HITPOINT WARNING * * *
You are splashed with acid!
You die...

#.$# ##..# #.... #
#...# #. ...##
.##.######## ...
...........# #J#
#.....##.. #@#
#........ #.#
##.##.##..
#.#######...#†##.#
#.........#...##.#
#########...####.#
##.#####.# #.#
#.... #.# #.#.#
#.# #.#


You could see a jelly.

Vanquished Creatures
  Sigmund (D:2)
  A black bear (D:4)
  A jelly (D:2)
  2 iguanas (D:4)
  Jessica (D:2)
  4 orc wizards
  8 adders
  3 worms
  3 dart slugs
  10 orcs
  12 ball pythons
  10 endoplasms
  3 giant cockroaches (D:1)
  5 goblins
  6 hobgoblins
  10 jackals
  10 kobolds
  7 quokkas
  7 bats
  8 frilled lizards
  8 rats
120 creatures vanquished.

Notes
Turn   | Place    | Note
-------+----------+-------------------------------------------
     0 | D:1      | freelancePsychic the Gargoyle Brigand began the quest for
                  | the Orb.
     0 | D:1      | Reached XP level 1. HP: 12/12 MP: 1/1
   144 | D:1      | Reached XP level 2. HP: 18/18 MP: 2/2
   523 | D:1      | Reached XP level 3. HP: 21/22 MP: 3/3
  1162 | D:2      | Reached skill level 5 in Stealth
  1224 | D:2      | Reached XP level 4. HP: 20/28 MP: 4/4
  1349 | D:2      | Reached XP level 5. HP: 33/33 MP: 5/5
  1376 | D:2      | Noticed Jessica
  1376 | D:2      | Noticed Sigmund
  1387 | D:2      | Killed Jessica
  1403 | D:2      | Killed Sigmund
  1404 | D:2      | Reached skill level 5 in Fighting
  1404 | D:2      | Reached XP level 6. HP: 40/40 MP: 6/6
  1940 | D:3      | Identified the staff "Conohupp" {rPois rF+ rC++ rCorr
                  | Poison}
  1962 | D:3      | Reached skill level 1 in Shields
  2094 | D:3      | Reached XP level 7. HP: 21/44 MP: 7/7
  2573 | D:3      | Found a hide-covered altar of Uskayaw.
  2610 | D:3      | Became a worshipper of Uskayaw the Reveller
  2633 | D:4      | Found Qokkuy's Distillery.
  2637 | D:4      | Reached * piety under Uskayaw
  2675 | D:4      | Reached ** piety under Uskayaw
  2742 | D:4      | Reached *** piety under Uskayaw
  2863 | D:4      | Reached skill level 1 in Invocations
  3070 | D:4      | Splashed by a jelly's acid

Illustrated notes

Levels and vault maps discovered:
D:1:      tarquinn_simple_flora_water_c, layout_loops_ring,
          dreamdust_mushroom_princess, kennysheep_decorative_pillar,
          grunt_decor_arrowhead
D:2:      layout_rooms, minmay_mini_jars, uniq_sigmund, uniq_jessica
D:3:      layout_basic, nicolae_uskayaw_suspiria
D:4:      layout_loops_ring, lemuel_temple_firewalk_b, gammafunk_ghost_grave,
          serial_shops, nicolae_take_the_stairs

Skill      XL: |  1  2  3  4  5  6  7 |
---------------+----------------------+-----
Short Blades   | 2 3 4 |  4.7
Fighting       | 3 5 |  5.9
Stealth        | 5 |  5.0
Shields        | 1 2 |  2.4
Invocations    | 1 |  1.6
Throwing       | |  1.8
Dodging        | |  0.8

Action                     |  1- 3 |  4- 6 |  7- 9 || total
---------------------------+-------+-------+-------++-------
  Melee: Dagger            |    86 |   128 |    67 ||   281
         Punch             |     1 |       |       ||     1
  Throw: Dart              |    12 |     3 |       ||    15
 Invoke: Stomp             |       |       |     1 ||     1
    Use: Scroll            |     1 |     2 |       ||     3
         Potion            |       |     1 |       ||     1
   Stab: Sleeping          |    14 |    16 |     6 ||    36
         Paralysed         |       |       |     1 ||     1
 Armour: Robe              |    38 |    12 |       ||    50
         Leather armour    |       |    39 |    24 ||    63
  Dodge: Dodged            |    29 |    30 |    17 ||    76
  Block: Buckler           |       |     6 |     9 ||    15

Table legend: (Time is in decaauts)
 A = Elapsed time spent in this place.
 B = Non-inter-level travel time spent in this place.
 C = Inter-level travel time spent in this place.
 D = Time resting spent in this place.
 E = Time spent auto-exploring this place.
 F = Levels seen in this place.
 G = Mean time per level.
                   A        B        C        D        E       F      G
               +--------+--------+--------+--------+--------+-----+--------+
         Total |   2982 |   2853 |    129 |      0 |   2173 |   4 |  745.5 |
       Dungeon |   2982 |   2853 |    129 |      0 |   2173 |   4 |  745.5 |
               +--------+--------+--------+--------+--------+-----+--------+

Top non-repeatable levels by time:
     D:3: 1094 daAuts
     D:1: 934 daAuts
     D:2: 540 daAuts
     D:4: 412 daAuts
